 Dungeon Crawl Stone Soup version 0.29-a0-559-g359e09b9d1 (webtiles) character file.

Game seed: 7832063896003855473

95214 Pelinal the Brawler (level 15, 0/152 HPs)
             Began as a Troll Cinder Acolyte on June 9, 2022.
             Was a High Priest of Jiyva.
             Slain by an orc warrior
             ... wielding a +0 trident
             ... led by an orc knight
              (23 damage)
             ... on level 2 of the Orcish Mines.
             The game lasted 00:43:58 (20889 turns).

Pelinal the Brawler (Troll Cinder Acolyte)         Turns: 20889, Time: 00:43:59

Health: 0/152      AC: 15    Str: 26    XL:     15   Next: 65%
Magic:  15/15      EV: 13    Int: 10    God:    Jiyva [*****.]
Gold:   342        SH: 12    Dex: 11    Spells: 16/16 levels left

rFire   . . .      SeeInvis +     - Unarmed
rCold   . . .      Faith    .   k - +2 kite shield {rPois}
rNeg    . . .      Spirit   .   d - +0 troll leather armour
rPois   +          Reflect  .   (helmet unavailable)
rElec   .          Harm     .   x - +2 cloak {rPois}
rCorr   +          Rampage  .   (gloves unavailable)
Will    +++..                   (boots unavailable)
Stlth   +.........              K - amulet of regeneration
HPRegen 4.19/turn               J - ring of willpower
MPRegen 0.59/turn               G - ring of willpower

@: calling ooze
A: large, unfitting armour, claws 3, regeneration 1, shaggy fur 1, tough skin 1,
antennae 3, iridescent scales 1, mutation resistance 1, gelatinous body 3,
tendrils, jelly absorbing missiles
a: Renounce Religion, Oozemancy, Slimify


You were on level 2 of the Orcish Mines.
You worshipped Jiyva.
Jiyva was extremely pleased with you.
You visited 4 branches of the dungeon, and saw 24 of its levels.
You also visited: Ossuary and Bailey.

You collected 1531 gold pieces.
You spent 1189 gold pieces at shops.

Inventory:

Missiles
 h - 63 poisoned darts
 i - 17 javelins (quivered)
 B - 6 curare-tipped darts
 H - 2 throwing nets
 I - 6 silver javelins
 S - 31 large rocks
Armour
 d - a +0 troll leather armour (worn)
 k - a +2 kite shield of poison resistance (worn)
 x - a +2 cloak of poison resistance (worn)
 C - a +2 robe of willpower
 E - a +2 robe of cold resistance
 M - +1 fire dragon scales
 X - a scarf of invisibility
Jewellery
 r - a ring of flight
 D - a ring of positive energy
 F - an amulet of reflection
 G - a ring of willpower (right claw)
 J - a ring of willpower (left claw)
 K - an amulet of regeneration (around neck)
 Q - a ring of see invisible
Wands
 q - a wand of paralysis (4)
 N - a wand of mindburst (7)
 R - a wand of polymorph (8)
 T - a wand of flame (20)
Scrolls
 c - 10 scrolls of enchant armour
 f - 9 scrolls of teleportation
 g - 6 scrolls of blinking
 j - 3 scrolls of fear
 m - 5 scrolls of immolation
 n - 3 scrolls of summoning
 o - 6 scrolls of fog
 u - 2 scrolls of torment
 y - a scroll of poison {unknown}
 A - 4 scrolls of vulnerability
 U - a scroll of silence {unknown}
 V - 4 scrolls of amnesia
 Y - a scroll of acquirement {unknown}
Potions
 a - a potion of magic {unknown}
 b - 8 potions of heal wounds
 e - 12 potions of curing
 l - 4 potions of attraction
 p - 7 potions of mutation
 s - 2 potions of haste
 t - 3 potions of might
 v - 3 potions of lignification
 w - 4 potions of resistance
 z - 5 potions of brilliance
 L - 2 potions of cancellation
 O - 3 potions of invisibility {unknown}
 P - a potion of ambrosia {unknown}
 W - 2 potions of flight {unknown}


   Skills:
 + Level 10.5 Fighting
 - Level 6.0 Throwing
 - Level 5.2 Armour
 - Level 6.4 Dodging
 + Level 11.0 Shields
 * Level 18.7 Unarmed Combat
 - Level 1.0 Spellcasting
 - Level 2.1 Fire Magic
 - Level 5.0 Evocations


You had 16 spell levels left.
You didn't know any spells.
Your spell library contained the following spells:

 Spells                   Type           Power      Damage    Failure   Level
 Scorch                   Fire           8%         2d5       38%         2
 Magic Dart               Conj           0%         1d3       56%         1
 Shock                    Conj/Air       0%         1d3       56%         1
 Slow                     Hex            0%         N/A       56%         1
 Searing Ray              Conj           0%         2d4       71%         2
 Confusing Touch          Hex            0%         N/A       90%         3
 Swiftness                Air            0%         N/A       90%         3
 Vampiric Draining        Necr           0%         2d6       90%         3
 Flame Wave               Conj/Fire      2%         2d4       99%         4
 Airstrike                Air            0%         N/A       100%        4
 Animate Dead             Necr           0%         N/A       100%        4
 Fulminant Prism          Conj/Hex       0%         3d6       100%        4
 Iskenderun's Mystic Bla  Conj/Tloc      0%         2d3       100%        4
 Olgreb's Toxic Radiance  Pois           0%         N/A       100%        4
 Lee's Rapid Deconstruct  Erth           0%         3d5*      100%        5
 Conjure Ball Lightning   Conj/Air       0%         3x3d6     100%        6
 Iron Shot                Conj/Erth      0%         9d1       100%        6
 Haunt                    Necr/Summ      0%         N/A       100%        7
 Ozocubu's Refrigeration  Ice            0%         4d5       100%        7
 Discord                  Hex            0%         N/A       100%        8
 Disjunction              Tloc           0%         N/A       100%        8
 Ignition                 Fire           2%         3d3       100%        8
 Infestation              Necr           0%         N/A       100%        8
 Chain Lightning          Conj/Air       0%         N/A       100%        9
 Fire Storm               Conj/Fire      1%         7d1       100%        9
 Shatter                  Erth           0%         3d5*      100%        9


Dungeon Overview and Level Annotations

Branches:
Dungeon (15/15)            Temple (1/1) D:5            Lair (6/6) D:11
 Shoals (0/4) Lair:3        Snake (0/4) Lair:3        Slime (0/5) Lair:5
    Orc (2/2) D:12            Elf (0/3) Orc:2        Vaults (0/5) D:14
 Depths (0/4) D:15        Ossuary (visited)          Bailey (visited)

Altars:
Ashenzari
Dithmenos
Elyvilon
Fedhas
Gozag
Hepliaklqana
Kikubaaqudgha
Makhleb
Nemelex Xobeh
Okawaru
Ru
Sif Muna
Vehumet
Wu Jian
Xom
Yredelemnul
Zin
The Shining One
Beogh
Jiyva

Shops:
D:5 [   D:7 (   D:13 (   Orc:1 =[

Portals:
Trove: D:10 (give +3 shadow dragon scales)

Annotations:
D:4 2 transporters, 2FriedEggs's ghost, amateur OpTm
D:6 3 runed translucent doors, logorrheac's ghost, novice GnWn
D:12 2 transporters
Lair:5 2 transporters, Xyisiaff's ghost, journeyman KoEn
Lair:6 exclusions: 3 doors, obsidian statue and oklob plant


Innate Abilities, Weirdness & Mutations

You are too large for most types of armour.
You have claws for hands.
Your natural rate of healing is unusually fast.
You are covered in fur. (AC +1)
You have tough skin. (AC +1)
You have a pair of large antennae on your head. (SInv)
You are partially covered in iridescent scales. (AC +2)
You are somewhat resistant to further mutation.
Your gelatinous body deflects attacks. (AC +3, EV +3)
You are covered in slimy tendrils that may disarm your opponents.
You have a small jelly attached to you that may absorb projectiles.


Message History

The orc wizard hits you but does no damage.
The wall burns the orc warrior!
Unknown command.
You claw the orc knight!
The orc knight is severely wounded.
The orc warrior closely misses you.
The orc warrior hits you from afar with a +0 trident!!
The orc warrior barely misses you.
The walls burn the orc warrior!
The orc warrior hits you.
The walls burn the orc knight!
You block the orc knight's attack.
The wall burns the orc wizard!
The orc wizard hits you but does no damage.
Your tendrils lash around the orc wizard's +0 dagger and pull it to the ground!
The wall burns the orc warrior!
Unknown command.
Unknown command.
Unknown command.
You claw the orc warrior!
You kill the orc warrior!
The orc priest invokes the aid of Beogh against you.
Beogh smites you! You block the orc warrior's attack.
The orc warrior closely misses you.
The wall burns the orc warrior!
The orc warrior barely misses you. The orc warrior misses you.
The walls burn the orc knight!
You block the orc knight's attack.
The wall burns the orc wizard!
You kill the orc wizard!
The wall burns the orc!
The orc warrior hits you with a +0 flail!
Your tendrils lash around the orc warrior's +0 flail and pull it to the ground!
Unknown command.
Unknown command.
Magic restored.
The orc priest miscasts a cantrip.
The wall burns the orc warrior!
The orc warrior closely misses you.
The orc warrior hits you from afar with a +0 trident!!
* * * LOW HITPOINT WARNING * * *
The orc warrior hits you from afar with a +0 trident!
* * * LOW HITPOINT WARNING * * *
The wall burns the orc warrior!
The orc warrior closely misses you.
The orc warrior hits you from afar with a +0 trident!!
You die...

...............
..o............
.............# .
#..oo.......# ..
......o..# ...
###.$ooo..#....
#.#....oooo......
.......ooo)......
#......#o@o......
.......#[#[......
.$#..............
......o....$.....
o................
.................
o.........$...$.#
................
...........#...


You could see an orc knight, 8 orc warriors, 2 orc priests, an orc wizard and 5
orcs.

Vanquished Creatures
  An orc warlord (Orc:1)
  A yaktaur captain (D:15)
  2 fire dragons (D:15)
  8 hydras
  An ogre mage (D:15)
  8 boulder beetles
  9 centaur warriors
  A catoblepas (D:15)
  8 two-headed ogres
  2 death yaks
  A deep troll earth mage (D:15)
  10 skeletal warriors
  2 spectral death yaks (Lair:6)
  2 lindwurms
  A deep elf archer (D:15)
  A necromancer (Lair:6)
  A wizard (D:14)
  4 orc knights
  2 deep elf pyromancers (D:15)
  A wolf spider (D:15)
  12 ugly things
  7 cyclopes
  2 orc sorcerers
  3 dire elephant zombies (Lair:6)
  21 elephants
  3 gargoyles
  7 black mambas
  13 cane toads
  2 torpor snails
  8 komodo dragons
  Maggie (D:6)
  4 rime drakes
  A kobold demonologist (D:6)
  2 ice devils (Lair:3)
  2 freezing wraiths (D:15)
  4 red devils (D:13)
  A meliai (D:15)
  5 trolls
  2 wind drakes (shapeshifter) (D:15)
  A hornet (shapeshifter) (D:13)
  A merfolk (shapeshifter) (D:15)
  A tarantella (shapeshifter) (D:15)
  4 polar bears
  15 blink frogs
  A hornet (Lair:2)
  4 dream sheep (Lair:6)
  2 water elementals (D:13)
  Sigmund (D:3)
  2 centaur simulacra (D:15)
  2 vampires
  36 yaks
  16 fire elementals
  5 wyverns
  6 basilisks
  A steam dragon (D:9)
  5 vampire mosquitoes
  5 wargs (Orc:1)
  2 nagas (Lair:3)
  Edmund (D:5)
  Menkaure (D:5)
  11 water moccasins
  Duvessa (D:6)
  A sky beast (D:7)
  14 orc warriors
  3 boggarts (D:15)
  4 ogres
  An elephant zombie (Lair:6)
  14 wolves
  8 centaurs
  2 kobold brigands (D:10)
  2 phantoms
  Blork the orc (D:6)
  2 necrophages
  17 bullfrogs
  2 elf zombies (Ossuary)
  A scorpion (D:4)
  3 gnoll sergeants
  A cane toad simulacrum (Lair:6)
  5 wights (D:9)
  Dowan (D:6)
  15 killer bees
  2 elephant simulacra (Lair:6)
  3 howler monkeys
  8 vampire bats (Bailey)
  8 electric eels
  5 wolf zombies (Bailey)
  5 orc priests
  3 jellies
  A human zombie (Ossuary)
  2 gnoll shamans (D:9)
  4 hounds
  Terence (D:3)
  Jessica (D:2)
  A hell rat (Lair:6)
  An iguana (D:5)
  16 orc wizards
  3 hound zombies (Ossuary)
  4 mummies
  27 gnolls
  6 adders
  3 white imps
  An ufetubus (D:5)
  7 adder zombies (Ossuary)
  9 worms
  4 dart slugs
  68 orcs
  9 ball pythons
  9 endoplasms
  4 giant cockroaches
  9 goblins
  12 hobgoblins
  6 quokkas
  6 bats
  3 frilled lizards
  6 goblin zombies (Ossuary)
  A hobgoblin zombie (Ossuary)
  4 jackal zombies (Ossuary)
  19 kobolds
  2 kobold zombies (Ossuary)
  21 orc zombies
  4 quokka zombies (Ossuary)
  7 rats
  4 rat zombies (Ossuary)
706 creatures vanquished.

Vanquished Creatures (collateral kills)
  A yaktaur captain (D:15)
  A hydra (Lair:6)
  A deep elf knight (D:15)
  A black mamba (Lair:6)
  A water moccasin (Lair:6)
  3 hell rats (Lair:6)
  2 foxfires (Lair:5)
10 creatures vanquished.

Vanquished Creatures (others)
  Kirke (D:13)
  A great orb of eyes (D:15)
  A tengu warrior (D:13)
  A deep elf pyromancer (D:12)
  A shining eye (shapeshifter) (D:15)
  A cyclops (D:12)
  A black mamba (Lair:5)
  3 kobold demonologists (D:14)
  8 slime creatures
  A blink frog (Lair:6)
  A water elemental (D:13)
  2 yaks
  2 humans (D:13)
  3 vampire mosquitoes (D:14)
  A floating eye (shapeshifter) (D:15)
  A kobold brigand (D:14)
  An electric eel (D:13)
  17 jellies
  2 orc priests (D:12)
  4 gnolls
  4 orcs (Orc:1)
  A hobgoblin (Orc:1)
  16 foxfires (Lair:5)
  56 fungi
  73 plants
  20 withered plants (Lair:6)
223 creatures vanquished.

Grand Total: 939 creatures vanquished

Notes
Turn   | Place    | Note
-------+----------+-------------------------------------------
     0 | D:1      | Pelinal the Troll Cinder Acolyte began the quest for the
                  | Orb.
     0 | D:1      | Reached XP level 1. HP: 22/22 MP: 1/1
   188 | D:1      | Reached XP level 2. HP: 28/29 MP: 2/2
   289 | D:1      | Reached skill level 4 in Unarmed Combat
   461 | D:1      | Reached XP level 3. HP: 30/36 MP: 3/3
  1078 | D:2      | Noticed Jessica
  1081 | D:2      | Killed Jessica
  1082 | D:2      | Reached skill level 5 in Unarmed Combat
  1082 | D:2      | Reached XP level 4. HP: 44/44 MP: 4/4
  1505 | D:2      | Reached XP level 5. HP: 17/50 MP: 5/5
  1511 | D:2      | Reached skill level 6 in Unarmed Combat
  2229 | D:3      | Noticed Terence
  2239 | D:3      | Killed Terence
  2240 | D:3      | Reached XP level 6. HP: 47/59 MP: 6/6
  2277 | D:3      | Noticed Sigmund
  2283 | D:3      | Killed Sigmund
  2284 | D:3      | Reached skill level 7 in Unarmed Combat
  2288 | D:3      | You fall into a shaft and drop 2 floors!
  2288 | D:5      | Entered Level 5 of the Dungeon
  2383 | D:4      | Reached skill level 8 in Unarmed Combat
  2383 | D:4      | Reached XP level 7. HP: 63/66 MP: 7/7
  2403 | D:4      | Paralysed by an orc for 4 turns
  2911 | D:4      | Found a transporter.
  2928 | D:4      | Identified the +5 spear of Deformation {pain, rN+ Str-5
                  | Dex+6}
  2929 | D:4      | Noticed 2FriedEggs's ghost (amateur OpTm)
  2940 | D:4      | Found a transporter.
  3684 | D:5      | Reached skill level 9 in Unarmed Combat
  3700 | D:5      | Noticed Menkaure
  3734 | D:5      | Killed Menkaure
  3778 | D:5      | Found Kughuas's Antique Armour Boutique.
  3782 | D:5      | Bought a runed kite shield for 150 gold pieces
  3825 | D:5      | Found a staircase to the Ecumenical Temple.
  3860 | Temple   | Entered the Ecumenical Temple
  4009 | D:5      | Noticed Edmund
  4018 | D:5      | Killed Edmund
  4019 | D:5      | Reached skill level 1 in Dodging
  4019 | D:5      | Reached skill level 1 in Shields
  4019 | D:5      | Reached XP level 8. HP: 54/74 MP: 8/8
  4311 | D:5      | Reached skill level 1 in Throwing
  4336 | D:5      | Reached skill level 1 in Evocations
  4571 | D:6      | Found a sand-covered staircase.
  4582 | Ossuary  | Entered an ossuary
  4906 | D:5      | Bought a sheer robe for 114 gold pieces
  4906 | D:5      | Identified the +0 robe "Uricunog" {Dex+5} (You bought it in
                  | a shop on level 5 of the Dungeon)
  4983 | D:6      | Noticed Dowan
  4985 | D:6      | Noticed Duvessa
  4999 | D:6      | Killed Duvessa
  5006 | D:6      | Killed Dowan
  5007 | D:6      | Reached XP level 9. HP: 32/81 MP: 9/9
  5126 | D:6      | Noticed a kobold demonologist
  5129 | D:6      | Noticed an orange demon
  5133 | D:6      | Noticed an ice devil
  5135 | D:6      | Killed a kobold demonologist
  5203 | D:6      | Noticed Maggie
  5269 | D:6      | Found a runed translucent gate.
  5269 | D:6      | Found a runed translucent gate.
  5277 | D:6      | Found a runed translucent gate.
  5277 | D:6      | Noticed logorrheac's ghost (novice GnWn)
  5327 | D:6      | Killed Maggie
  5328 | D:6      | Reached skill level 5 in Throwing
  5440 | D:6      | Noticed Blork the orc
  5474 | D:6      | Killed Blork the orc
  5883 | D:7      | Found a burning altar of Makhleb.
  6084 | D:7      | Found Woppiun's Weapon Boutique.
  6089 | D:7      | Reached skill level 5 in Evocations
  6429 | D:8      | Reached skill level 10 in Unarmed Combat
  6456 | D:8      | Noticed a two-headed ogre
  6607 | D:8      | Killed a two-headed ogre
  6608 | D:8      | Reached XP level 10. HP: 91/91 MP: 10/10
  7418 | D:9      | Reached skill level 11 in Unarmed Combat
  7621 | D:9      | Noticed a two-headed ogre
  7625 | D:9      | Found a flagged portal.
  7687 | Bailey   | Entered a bailey
  8040 | Bailey   | Noticed a gargoyle
  8047 | Bailey   | Killed a gargoyle
  8505 | D:9      | Killed a two-headed ogre
  8506 | D:9      | Reached XP level 11. HP: 101/101 MP: 11/11
  8571 | D:10     | Entered Level 10 of the Dungeon
  8584 | D:10     | Found a portal to a secret trove of treasure.
  8803 | D:10     | Noticed a two-headed ogre
  8813 | D:10     | Killed a two-headed ogre
  8814 | D:10     | Reached skill level 5 in Fighting
  8928 | D:10     | Noticed a two-headed ogre
  8936 | D:10     | Killed a two-headed ogre
  8937 | D:10     | Reached skill level 1 in Armour
  9030 | D:10     | Noticed a two-headed ogre
  9039 | D:10     | Killed a two-headed ogre
  9040 | D:10     | Reached skill level 12 in Unarmed Combat
  9278 | D:10     | Noticed a two-headed ogre
  9284 | D:10     | Killed a two-headed ogre
  9285 | D:10     | Reached skill level 5 in Shields
  9690 | D:11     | Found a staircase to the Lair.
  9850 | D:11     | Noticed a boulder beetle
  9862 | D:11     | Killed a boulder beetle
  9965 | D:11     | Noticed a boulder beetle
  9978 | D:11     | Killed a boulder beetle
 10232 | Lair:1   | Entered Level 1 of the Lair of Beasts
 10338 | Lair:1   | Reached skill level 5 in Dodging
 10955 | Lair:1   | Found a hazy altar of Hepliaklqana.
 11176 | Lair:2   | Reached XP level 12. HP: 111/113 MP: 12/12
 11241 | Lair:2   | Reached skill level 13 in Unarmed Combat
 11422 | Lair:2   | Noticed a death yak
 11422 | Lair:2   | Noticed a death yak
 11444 | Lair:1   | Killed a death yak
 11743 | Lair:2   | Killed a death yak
 12456 | Lair:3   | Found a staircase to the Snake Pit.
 12667 | Lair:3   | Found a frozen archway.
 12886 | Lair:3   | Noticed a four-headed hydra
 12896 | Lair:3   | Killed a five-headed hydra
 12932 | Lair:3   | Found a staircase to the Shoals.
 13214 | Lair:4   | Reached skill level 14 in Unarmed Combat
 13459 | Lair:4   | Reached XP level 13. HP: 121/124 MP: 13/13
 14040 | Lair:4   | Reached skill level 5 in Armour
 14417 | Lair:5   | Found a runed translucent door.
 14418 | Lair:5   | Found a viscous altar of Jiyva.
 14418 | Lair:5   | Found a staircase to the Slime Pits.
 14493 | Lair:5   | Fell from the grace of Ignis
 14493 | Lair:5   | Became a worshipper of Jiyva Joaxzam the Shapeless
 14555 | Lair:5   | Reached skill level 15 in Unarmed Combat
 14569 | Lair:5   | Found a transporter.
 14575 | Lair:5   | Noticed Xyisiaff's ghost (journeyman KoEn)
 14576 | Lair:5   | Found a transporter.
 14580 | Lair:5   | Noticed a dire elephant
 14805 | Lair:5   | Reached * piety under Jiyva
 14972 | Lair:6   | Entered Level 6 of the Lair of Beasts
 15461 | Lair:6   | Reached XP level 14. HP: 107/137 MP: 14/14
 15522 | Lair:6   | Reached skill level 16 in Unarmed Combat
 15933 | Lair:6   | Reached ** piety under Jiyva
 16155 | Lair:6   | Found a blossoming altar of Fedhas.
 16706 | D:12     | Found a transporter.
 16815 | D:12     | Found a staircase to the Orcish Mines.
 16833 | D:12     | Got Sif Muna's Catalogue of the Excruciating Rocks
 16850 | D:12     | Found a shimmering altar of Xom.
 16850 | D:12     | Found a shimmering altar of Xom.
 16850 | D:12     | Found a shimmering altar of Xom.
 16851 | D:12     | Found a shimmering altar of Xom.
 16851 | D:12     | Found a shimmering altar of Xom.
 16852 | D:12     | Found a shimmering altar of Xom.
 16913 | D:12     | Reached *** piety under Jiyva
 16930 | D:12     | Gained mutation: You have a small jelly attached to you
                  | that may absorb projectiles. [Jiyva's grace]
 16930 | D:12     | Gained mutation: Your rubbery body absorbs attacks. (AC +1,
                  | EV +1) [Jiyva's grace]
 16930 | D:12     | Gained mutation: Your pliable body absorbs attacks. (AC +2,
                  | EV +2) [Jiyva's grace]
 16930 | D:12     | Gained mutation: Your gelatinous body deflects attacks. (AC
                  | +3, EV +3) [Jiyva's grace]
 16971 | D:12     | Found a transporter.
 17119 | D:12     | Identified the +3 quarterstaff of the Apocalypse {freeze,
                  | +Blink rF- Str+7 SInv}
 17216 | Orc:1    | Entered Level 1 of the Orcish Mines
 17240 | Orc:1    | Found Monaraudd's Antique Armour Boutique.
 17274 | Orc:1    | Bought a smoking cloak for 304 gold pieces
 17274 | Orc:1    | Identified the +1 cloak of Leischa {Harm rN+} (You bought
                  | it in a shop on level 1 of the Orcish Mines)
 17302 | Orc:1    | Found a burning altar of Makhleb.
 17434 | Orc:1    | Reached **** piety under Jiyva
 17451 | Orc:1    | Noticed an orc warlord
 17496 | Orc:1    | Killed an orc warlord
 17558 | Orc:1    | Found Loosef's Jewellery Shop.
 17588 | Orc:1    | Bought an amulet of regeneration for 420 gold pieces
 17615 | Orc:1    | Was forgiven by Ignis
 17725 | Orc:1    | Reached skill level 17 in Unarmed Combat
 18046 | Orc:2    | Entered Level 2 of the Orcish Mines
 18046 | Orc:2    | Found a staircase to the Elven Halls.
 18187 | D:13     | Noticed Kirke
 18195 | D:13     | Killed Kirke
 18294 | D:13     | Found Azetha Guym's Weapon Shoppe.
 18349 | D:13     | Bought 6 silver javelins for 201 gold pieces
 18496 | D:13     | Reached skill level 10 in Shields
 18596 | D:13     | Gained mutation: You are somewhat resistant to further
                  | mutation. [Jiyva's grace]
 18596 | D:13     | Gained mutation: You are somewhat resistant to both further
                  | mutation and mutation removal. [Jiyva's grace]
 18596 | D:13     | Gained mutation: You are almost entirely resistant to
                  | further mutation and mutation removal. [Jiyva's grace]
 18596 | D:13     | Gained mutation: You are partially covered in iridescent
                  | scales. (AC +2) [Jiyva's grace]
 18831 | D:13     | Reached ***** piety under Jiyva
 19136 | D:14     | Reached XP level 15. HP: 143/149 MP: 15/15
 19237 | D:14     | Found a gate to the Vaults.
 19617 | D:14     | Found a faded altar of an unknown god.
 19841 | D:14     | Found a faded altar of an unknown god.
 19841 | D:14     | Found a hazy altar of Hepliaklqana.
 19911 | D:15     | Entered Level 15 of the Dungeon
 20145 | D:15     | Found a hazy altar of Hepliaklqana.
 20145 | D:15     | Found an ornate altar of the Wu Jian Council.
 20147 | D:15     | Found a shadowy altar of Dithmenos.
 20175 | D:15     | Reached skill level 18 in Unarmed Combat
 20186 | D:15     | Reached skill level 10 in Fighting
 20234 | D:15     | Lost mutation: You are almost entirely resistant to further
                  | mutation and mutation removal. [Jiyva's grace]
 20234 | D:15     | Lost mutation: You are somewhat resistant to both further
                  | mutation and mutation removal. [Jiyva's grace]
 20234 | D:15     | Gained mutation: You are covered in slimy tendrils that may
                  | disarm your opponents. [Jiyva's grace]
 20234 | D:15     | Gained mutation: You have a pair of small antennae on your
                  | head. [Jiyva's grace]
 20234 | D:15     | Gained mutation: You have a pair of antennae on your head.
                  | [Jiyva's grace]
 20234 | D:15     | Gained mutation: You have a pair of large antennae on your
                  | head. (SInv) [Jiyva's grace]
 20353 | D:15     | Found a staircase to the Depths.
 20485 | D:15     | Reached ****** piety under Jiyva
 20778 | D:15     | Identified the +4 whip of the Egg {vorpal, Drain rC++ rN++
                  | MP+9}
 20889 | Orc:2    | Slain by an orc warrior

Illustrated notes

Levels and vault maps discovered:
D:1:      lightli_arrival_windingriver, layout_basic
D:2:      layout_loops_cross, minmay_misc_feat_nine_boxes,
          minmay_joined_circles, uniq_jessica
D:3:      layout_basic, uniq_sigmund, uniq_terence
D:4:      layout_cave_pods, gammafunk_ghost_gnarly_gnolls, minmay_misc_feat_iff
D:5:      layout_basic, minmay_temple_entry_mini_moons, serial_shops,
          nicolae_shop_window_shopping, uniq_edmund, uniq_menkaure
D:6:      layout_rooms, gammafunk_ghost_nasty_kobolds,
          gup_ossuary_entry_pyramid, uniq_maggie, uniq_duvessa,
          uniq_blork_the_orc
D:7:      layout_loops_ring, makhleb_heckhound_becter, serial_rivers,
          chequers_serial_rivers_marsh, chequers_serial_rivers_large_a,
          chequers_serial_rivers_micro_a, chequers_serial_rivers_marsh,
          serial_shops, nicolae_shop_advertising_works
          [nicolae_subvault_shop_adworks]
D:8:      layout_loops_ring
D:9:      layout_irregular_city, enter_bailey_3
D:10:     layout_stronghold, enter_trove_0, corexii_checkpoint_a,
          glass_columns_b, roderic_roman_lattice
D:11:     layout_roguey, lair_entry_dummy
D:12:     gammafunk_beogh_shrine, layout_irregular_city, orc_0_dummy,
          minivault_23, xom_redecorated
D:13:     layout_basic, serial_shops, nicolae_shop_bloodbath_and_beyond,
          einodemon_armed_red_devil_minivault, uniq_kirke
D:14:     layout_layer_cave, nicolae_hepliaklqana_ecumenical_no_more
D:15:     hangedman_slaughterboxes
Temple:   compressed_dpeg_triangle_lava_temple
Lair:1:   layout_misc_corridors, basic_altar, grunt_megastairs_5
Lair:2:   layout_gridlike
Lair:3:   layout_regular_city, minmay_shoals_entry_centaurs,
          guppyfry_snake_entry_island, portal_ice_cave_demonic_guard,
          nicolae_lair_grove_arrangements, grunt_megastairs_1,
          infiniplex_staircase_pool, serial_bayou_shore_a
Lair:4:   layout_cave_pods, st_stairs_12
Lair:5:   layout_roguey, slime_altar_2, gammafunk_ghost_arena, st_stairs_5
Lair:6:   due_jungle_book, layout_loops_ring, tgw_fedhas
Orc:1:    cheibrodos_orc_bank, layout_caves, basic_altar, serial_shops, shop,
          nicolae_shop_hallway_plus
Orc:2:    kennysheep_orc_mage_school, layout_caves, david_defended_altar_orc

Skill      XL: |  1  2  3  4  5  6  7  8  9 10 11 12 13 14 15 |
---------------+----------------------------------------------+-----
Unarmed Combat | 4 5 6 8 9 10 11 12 14 15 17 18 | 18.7
Dodging        | 1 2 4 5 6 |  6.4
Shields        | 1 2 4 5 7 8 10 11 | 11.0
Fighting       | 3 4 5 7 8 9 10 | 10.5
Throwing       | 3 6 |  6.0
Evocations     | 3 5 |  5.0
Armour         | 3 4 5 |  5.2
Spellcasting   | |  1.0
Fire Magic     | |  2.1

Action                   |  1- 3 |  4- 6 |  7- 9 | 10-12 | 13-15 || total
-------------------------+-------+-------+-------+-------+-------++-------
Melee: Unarmed           |    74 |   159 |   431 |   704 |  1248 ||  2616
       Punch             |     2 |     3 |     1 |       |       ||     6
Throw: Dart              |       |       |     5 |    23 |       ||    28
       Javelin           |       |       |     1 |     2 |     9 ||    12
       Large rock        |       |       |       |       |     3 ||     3
Invok: Fiery Armour      |       |     1 |       |     4 |     3 ||     8
       Rising Flame      |       |       |     1 |       |       ||     1
       Foxfire Swarm     |       |       |       |       |     2 ||     2
       Oozemancy         |       |       |       |       |     1 ||     1
Evoke: Wand              |       |       |     4 |    13 |    30 ||    47
  Use: Potion            |       |     1 |     1 |     2 |     4 ||     8
       Scroll            |       |       |     8 |    11 |     9 ||    28
 Stab: Paralysed         |       |       |     5 |    17 |    21 ||    43
       Distracted        |       |       |       |       |     1 ||     1
Armor: Robe              |    21 |    43 |   148 |    97 |       ||   309
       Fire dragon scale |       |       |       |   174 |   227 ||   401
       Troll leather arm |       |       |       |       |   165 ||   165
Dodge: Dodged            |    34 |    58 |   125 |   252 |   370 ||   839
Block: Kite shield       |       |       |   131 |   339 |   779 ||  1249
       Reflection        |       |       |       |       |     8 ||     8

Table legend: (Time is in decaauts)
 A = Elapsed time spent in this place.
 B = Non-inter-level travel time spent in this place.
 C = Inter-level travel time spent in this place.
 D = Time resting spent in this place.
 E = Time spent auto-exploring this place.
 F = Levels seen in this place.
 G = Mean time per level.
                   A        B        C        D        E       F      G
               +--------+--------+--------+--------+--------+-----+--------+
         Total |  20541 |  19263 |   1278 |    734 |  12784 |  26 |  790.0 |
       Dungeon |  12721 |  11886 |    835 |    288 |   8370 |  15 |  848.1 |
        Temple |     99 |     86 |     13 |      0 |     79 |   1 |   99.0 |
          Lair |   6093 |   5706 |    387 |    356 |   3636 |   6 | 1015.5 |
  Orcish Mines |    870 |    827 |     43 |     37 |    478 |   2 |  435.0 |
       Ossuary |    280 |    280 |      0 |      0 |    124 |   1 |  280.0 |
        Bailey |    475 |    475 |      0 |     53 |     96 |   1 |  475.0 |
               +--------+--------+--------+--------+--------+-----+--------+

Top non-repeatable levels by time:
  Lair:6: 1197 daAuts
     D:5: 1114 daAuts
  Lair:4: 1038 daAuts
    D:10: 1034 daAuts
  Lair:1: 1033 daAuts
  Lair:3: 1030 daAuts
    D:14: 1020 daAuts
  Lair:2: 968 daAuts
     D:1: 955 daAuts
     D:2: 916 daAuts
     D:9: 859 daAuts
   Orc:1: 852 daAuts
    D:15: 830 daAuts
  Lair:5: 826 daAuts
    D:13: 790 daAuts
